 Dungeon Crawl Stone Soup version 0.31-a0-1616-gbeaec30 (webtiles) character file.

Game seed: 874579000027268638

113 PublicAnimeNo1 the Firebug (level 4, -5/30 HPs)
             Began as a Demonspawn Fire Elementalist on Jan 10, 2024.
             Slain by an iguana (10 damage)
             ... on level 4 of the Dungeon.
             The game lasted 00:06:01 (2975 turns).

PublicAnimeNo1 the Firebug (DsFE)                   Turns: 2975, Time: 00:06:02

Health: -5/30      AC:  5    Str:  8    XL:     4   Next: 65%
Magic:  0/7        EV: 11    Int: 18    God:
Gold:   180        SH:  0    Dex: 13    Spells: 1/7 levels left

rFire   . . .        j - +0 short sword (venom)
rCold   . . .        (no shield)
rNeg    . . .        n - +0 leather armour
rPois   .            m - +0 helmet
rElec   .            (no cloak)
rCorr   .            (no gloves)
SInv    .            p - +0 pair of boots
Will    .....        (no amulet)
Stlth   ++           o - ring of wizardry
HPRegen 0.25/turn    (no ring)
MPRegen 0.10/turn

%: wizardry (x1)
@: no status effects
A: spiny 1
a: no special abilities


You were on level 4 of the Dungeon.
You visited 1 branch of the dungeon, and saw 4 of its levels.

You collected 180 gold pieces.

Inventory:

Hand Weapons
 j - a +0 short sword of venom (weapon)
 l - a +4 dagger
Missiles
 c - a throwing net
Armour
 a - a +0 robe
 m - a +0 helmet (worn)
 n - a +0 leather armour (worn)
 p - a +0 pair of boots (worn)
Magical Staves
 d - a staff of death
Jewellery
 o - a ring of wizardry (left hand)
Scrolls
 g - a scroll of revelation
 h - a scroll of teleportation {unknown}
 i - 2 scrolls of blinking {unknown}
 s - a scroll of amnesia {unknown}
 t - a scroll of fog {unknown}
Potions
 b - a potion of magic
 f - a potion of heal wounds
 k - 2 potions of enlightenment
 q - 2 potions of curing
 r - a potion of berserk rage


   Skills:
 + Level 0.1 Fighting
 - Level 1.7 Dodging
 - Level 1.7 Stealth
 - Level 2.0 Spellcasting
 + Level 3.1 Conjurations
 * Level 4.1 Fire Magic


You had one spell level left.
You knew the following spells:

 Your Spells              Type           Power      Damage    Failure   Level
a - Foxfire               Conj/Fire      56%        2x1d6     2%          1
b - Scorch                Fire           32%        2d6       3%          2
c - Volatile Blastmotes   Fire/Tloc      18%        2d11      14%         3

Your spell library contained the following spells:

 Spells                   Type           Power      Damage    Failure   Level
 Magic Dart               Conj           48%        1d5       3%          1
 Searing Ray              Conj           24%        2d5       4%          2
 Inner Flame              Hex/Fire       9%         N/A       14%         3
 Cigotuvi's Dreadful Rot  Necr/Alch/Air  2%         N/A       16%         2
 Dazzling Flash           Conj/Hex       14%        N/A       16%         3
 Mephitic Cloud           Conj/Alch/Air  5%         N/A       21%         3
 Flame Wave               Conj/Fire      14%        2d6       24%         4
 Ignite Poison            Fire/Alch      9%         N/A       41%         4
 Fulminant Prism          Conj/Alch      3%         3d5       45%         4
 Freezing Cloud           Conj/Ice/Air   2%         6-21      86%         5
 Curse of Agony           Necr           1%         N/A       94%         5
 Silence                  Hex/Air        0%         N/A       94%         5


Dungeon Overview and Level Annotations

Branches:
Dungeon (4/15)
 Temple: D:4-7

Altars:
Dithmenos


Innate Abilities, Weirdness & Mutations

You are partially covered in sharp spines.


Message History

Confirm with . or Enter, or press ? or * to list all spells.
You can't see any susceptible monsters within range! (Use Z to cast anyway.)
You conjure some foxfire!
The foxfire hits the iguana.
The iguana is heavily wounded.
The foxfire hits the iguana but does no damage.
The iguana is heavily wounded.
You conjure some foxfire!
The foxfire hits the iguana but does no damage.
The iguana is heavily wounded.
The foxfire hits the iguana but does no damage.
The iguana is heavily wounded.
You are out of magic!
The foxfire hits the iguana.
The iguana is heavily wounded.
The foxfire hits the iguana.
The iguana is severely wounded.
You barely miss the iguana.
The iguana is severely wounded.
The iguana is struck by your spines. The iguana bites you!
You are too injured to fight recklessly!
You closely miss the iguana.
The iguana is severely wounded.
The iguana bites you!
* * * LOW HITPOINT WARNING * * *
Casting: Foxfire (safe; 2% risk of failure)
Press: ? - help, Q - select action, (/) - cycle Dir - look around, f - activate You conjure some foxfire!
The iguana misses you.
You hit the iguana but do no damage.
The iguana is poisoned.
The iguana is severely wounded.
The foxfire hits the iguana but does no damage.
The iguana is severely wounded.
The foxfire hits the iguana.
The iguana is almost dead.
The iguana bites you.
* * * LOW HITPOINT WARNING * * *
You barely miss the iguana.
The iguana is almost dead.
The iguana bites you!
You die...

#.......########.
+.......#.....##.
#.......#........
#####+##.......#........
...............####'###.
.....$...(............#.
......................##
.......ยงยง...............
.......@................
.......l................
........................
##.....###############..
#..... .. #..... .. #.....
.. #..... #...


You could see an iguana (very poisoned).

Vanquished Creatures
  A bombardier beetle (D:3)
  2 ribbon worms (D:2)
  A dart slug (D:1)
  3 orcs (D:3)
  10 ball pythons
  4 endoplasms
  3 giant cockroaches
  6 hobgoblins
  3 jackals (D:1)
  3 quokkas
  5 bats
  3 frilled lizards
  10 goblins
  4 kobolds
  5 rats
63 creatures vanquished.

Vanquished Creatures (collateral kills)
  2 foxfires (D:1)
2 creatures vanquished.

Vanquished Creatures (others)
  126 foxfires
126 creatures vanquished.

Grand Total: 191 creatures vanquished

Notes
Turn   | Place    | Note
-------+----------+-------------------------------------------
     0 | D:1      | PublicAnimeNo1 the Demonspawn Fire Elementalist began the
                  | quest for the Orb.
     0 | D:1      | Reached XP level 1. HP: 13/13 MP: 3/3
    54 | D:1      | Reached skill level 3 in Fire Magic
   173 | D:1      | Gained mutation: You are partially covered in sharp spines.
                  | [demonic ancestry]
   173 | D:1      | Reached XP level 2. HP: 19/19 MP: 3/5
   962 | D:1      | Learned a level 2 spell: Scorch
  1102 | D:2      | Reached XP level 3. HP: 24/24 MP: 6/6
  1990 | D:3      | Reached XP level 4. HP: 20/30 MP: 7/7
  2206 | D:3      | Found a shadowy altar of Dithmenos.
  2258 | D:3      | Reached skill level 4 in Fire Magic
  2594 | D:3      | Learned a level 3 spell: Volatile Blastmotes
  2975 | D:4      | Slain by an iguana

Illustrated notes

Levels and vault maps discovered:
D:1:      tarquinn_simple_flora_water_e, layout_basic
D:2:      layout_loops_cross
D:3:      layout_loops_cross, grunt_dithmenos_smoke, kennysheep_generic_room_14
D:4:      layout_gridville, temple_green, serial_shops,
          nicolae_shop_bloodbath_and_beyond, st_stairs_13,
          minmay_fractal_squares_5

Skill      XL: |  1  2  3  4 |
---------------+-------------+-----
Fire Magic     | 3 4 |  4.1
Conjurations   | 2 3 |  3.1
Fighting       | |  0.1
Dodging        | |  1.7
Stealth        | |  1.7
Spellcasting   | |  2.0

Action                     |  1- 3 |  4- 6 || total
---------------------------+-------+-------++-------
  Melee: Dagger            |    27 |       ||    27
         Unarmed           |     1 |       ||     1
         Short sword       |     6 |    24 ||    30
   Cast: Foxfire           |    52 |    29 ||    81
         Scorch            |     2 |     1 ||     3
    Use: Scroll            |     1 |     4 ||     5
   Stab: Sleeping          |     1 |     2 ||     3
 Armour: Robe              |    16 |     4 ||    20
         Leather armour    |       |     7 ||     7
  Dodge: Dodged            |    24 |     8 ||    32

Table legend: (Time is in decaauts)
 A = Elapsed time spent in this place.
 B = Non-inter-level travel time spent in this place.
 C = Inter-level travel time spent in this place.
 D = Time resting spent in this place.
 E = Time spent auto-exploring this place.
 F = Levels seen in this place.
 G = Mean time per level.
                   A        B        C        D        E       F      G
               +--------+--------+--------+--------+--------+-----+--------+
         Total |   2972 |   2871 |    101 |     59 |   2349 |   4 |  743.0 |
       Dungeon |   2972 |   2871 |    101 |     59 |   2349 |   4 |  743.0 |
               +--------+--------+--------+--------+--------+-----+--------+

Top non-repeatable levels by time:
     D:1: 1003 daAuts
     D:2: 979 daAuts
     D:3: 899 daAuts
     D:4: 90 daAuts
